AoeStats
← Your Mom's Favorite Athlete

African Clearing

510901500Analyzed
4v4 RM · 11h ago on Oct 3, 2026· 106m 37s· 8 players
Game mode
Random Map
Map size
Large (8 player)
Population
200
Speed
Normal
Resources
Standard
Victory
Conquest
Starting age
Dark Age
Ending age
Imperial Age
RankedLock teamsTeams togetherTeam positionsShared explorationLock speedFull tech treeHidden civsTurbo modeCheats
Victory
Defeat
🇺🇸 Byzantines · United States
1288
+15
🇨🇱 Gurjaras · Chile
1278
+15
🇺🇸 Aztecs · United States
1277
+15
🇨🇱 Byzantines · Chile
1265
+16
🇺🇸 Khitans · United States
1352
-19
🇨🇴 Berbers · Colombia
1246
-15
🇺🇸 Italians · United States
1229
-14
🇺🇸 Saracens · United States
1197
-13
Your Mom's Favorite Athlete
15:12 Feudal Age
16:18 Double-Bit Axe
21:30 Castle Age
22:44 Gold Mining
23:36 Husbandry
23:53 Scale Barding Armor
25:50 Forging
26:37 Devotion
29:39 Wheelbarrow
29:14 Elite Skirmisher
32:42 Iron Casting
32:28 Bloodlines
37:52 Imperial Age
37:20 Hand Cart
38:40 Fletching
41:18 Bodkin Arrow
41:24 Padded Archer Armor
42:18 Thumb Ring
43:02 Conscription
43:01 Bracer
43:21 Squires
44:21 Elite Mameluke
46:12 Blast Furnace
53:57 Capped Ram
57:01 Leather Archer Armor
57:07 Chain Barding Armor
57:06 Fortified Wall
57:57 Chemistry
67:39 Gold Shaft Mining
73:23 Siege Ram
76:29 Bimaristan
79:38 Chain Barding Armor
79:42 Leather Archer Armor
80:18 Hoardings
92:07 Caravan
106:26 Plate Barding Armor
VicMan
9:47 Loom
12:26 Feudal Age
13:07 Double-Bit Axe
15:17 Forging
18:10 Town Watch
18:46 Scale Barding Armor
25:14 Castle Age
29:40 Bow Saw
31:11 Iron Casting
33:50 Domestication
38:06 Wheelbarrow
40:36 Imperial Age
39:28 Husbandry
42:01 Chain Barding Armor
41:54 Ordo Cavalry
41:30 Heavy Camel Rider
44:33 Plate Barding Armor
46:34 Hand Cart
46:13 Fletching
50:38 Conscription
50:26 Lamellar Armor
50:41 Gold Mining
50:42 Stone Mining
50:43 Light Cavalry
51:11 Elite Skirmisher
51:57 Thumb Ring
53:04 Bodkin Arrow
53:39 Hussar
57:07 Bracer
63:15 Pikeman
65:59 Padded Archer Armor
83:11 Two-Man Saw
86:17 Caravan
86:52 Town Patrol
87:39 Ballistics
88:19 Chemistry
87:33 Masonry
89:48 Leather Archer Armor
Elseweyr
4:35 Loom
13:31 Feudal Age
14:42 Double-Bit Axe
15:37 Fletching
18:49 Padded Archer Armor
24:49 Castle Age
26:54 Castle Age
28:15 Wheelbarrow
29:09 Fervor
29:56 Sanctity
35:55 Ballistics
35:55 Gold Mining
36:36 Redemption
36:57 Horse Collar
41:04 Hand Cart
44:41 Imperial Age
46:26 Chemistry
45:52 Conscription
46:46 Heavy Plow
46:57 Bodkin Arrow
47:17 Leather Archer Armor
49:06 Town Watch
50:08 Pirotechnia
54:14 Town Patrol
54:41 Bow Saw
54:07 Light Cavalry
54:58 Bloodlines
54:48 Husbandry
57:03 Bloodlines
61:52 Scale Barding Armor
61:47 Bracer
62:18 Ring Archer Armor
62:01 Forging
63:54 Two-Man Saw
64:48 Crop Rotation
64:23 Elite Genoese Crossbowman
65:27 Chain Barding Armor
66:09 Iron Casting
66:05 Bracer
70:20 Plate Barding Armor
70:45 Blast Furnace
71:37 Hussar
83:07 Silk Road
82:50 Caravan
When you're ready
4:24 Loom
13:04 Feudal Age
14:34 Double-Bit Axe
24:30 Castle Age
24:16 Scale Barding Armor
24:24 Forging
26:46 Bloodlines
26:37 Husbandry
27:00 Chain Barding Armor
42:01 Fletching
46:49 Bodkin Arrow
46:59 Padded Archer Armor
48:48 Leather Archer Armor
50:44 Ballistics
51:15 Town Watch
56:09 Imperial Age
56:53 Bracer
57:23 Ring Archer Armor
58:11 Conscription
60:14 Light Cavalry
61:15 Bow Saw
63:46 Maghrebi Camels
67:43 Wheelbarrow
67:09 Town Patrol
67:27 Elite Genitour
68:18 Thumb Ring
68:34 Gold Mining
70:05 Horse Collar
71:00 Heavy Plow
72:34 Plate Barding Armor
71:36 Elite Camel Archer
73:29 Elite Camel Archer
74:20 Hussar
80:15 Iron Casting
82:26 Caravan
85:07 Murder Holes
94:45 Elite Skirmisher
102:35 Heavy Camel Rider
Pelantaro
5:19 Loom
12:54 Feudal Age
23:19 Castle Age
23:13 Scale Mail Armor
24:04 Double-Bit Axe
24:00 Horse Collar
24:47 Forging
27:26 Squires
30:10 Chain Mail Armor
29:59 Arson
35:51 Iron Casting
40:09 Wheelbarrow
42:45 Fletching
43:58 Hand Cart
46:51 Bow Saw
49:48 Imperial Age
46:52 Pikeman
48:14 Bodkin Arrow
49:10 Heavy Plow
49:16 Elite Skirmisher
49:58 Padded Archer Armor
50:12 Halberdier
52:13 Ballistics
52:13 Leather Archer Armor
51:59 Bracer
53:36 Plate Mail Armor
52:39 Elite Varangian Guard
53:56 Crop Rotation
54:30 Two-Man Saw
54:48 Ring Archer Armor
54:27 Thumb Ring
55:26 Chemistry
57:08 Conscription
56:10 Elite Cataphract
56:58 Scale Barding Armor
56:55 Husbandry
58:20 Chain Barding Armor
59:36 Logistica
62:34 Hoardings
61:29 Light Cavalry
63:34 Caravan
66:56 Coinage
68:09 Fortified Wall
69:06 Light Cavalry
71:34 Hussar
79:02 Plate Barding Armor
79:30 Banking
80:52 Gambesons
91:48 Hoardings
93:02 Capped Ram
98:29 Siege Ram
102:34 Guilds
Alamander
5:31 Loom
12:46 Feudal Age
15:02 Town Watch
17:19 Fletching
27:52 Castle Age
26:12 Double-Bit Axe
27:43 Gold Mining
28:45 Wheelbarrow
28:29 Bodkin Arrow
28:02 Crossbowman
30:05 Bow Saw
33:27 Ballistics
37:19 Padded Archer Armor
39:11 Horse Collar
43:46 Imperial Age
44:44 Gold Shaft Mining
44:29 Arbalester
46:13 Chemistry
46:12 Bracer
48:45 Conscription
50:22 Onager
54:51 Leather Archer Armor
54:36 Scale Mail Armor
54:47 Forging
56:52 Siege Onager
66:16 Siege Engineers
66:51 Hand Cart
77:07 Caravan
81:22 Squires
80:46 Man-at-Arms
80:57 Pikeman
83:49 Elite Skirmisher
90:43 Chain Mail Armor
94:11 Garland Wars
95:11 Atlatl
103:55 Plate Mail Armor
105:41 Town Patrol
Nicholas Cave
8:59 Loom
15:41 Feudal Age
17:35 Double-Bit Axe
19:58 Wheelbarrow
27:02 Forging
30:13 Castle Age
29:18 Fletching
30:28 Scale Barding Armor
30:52 Padded Archer Armor
31:19 Hand Cart
31:08 Husbandry
32:06 Chain Barding Armor
32:18 Chain Barding Armor
39:37 Gold Mining
45:16 Imperial Age
45:19 Iron Casting
45:46 Heavy Camel Rider
47:11 Plate Barding Armor
59:42 Elite Varangian Guard
63:05 Caravan
66:55 Arson
68:42 Scale Mail Armor
68:39 Bodkin Arrow
71:19 Ballistics
72:00 Chemistry
71:37 Conscription
71:53 Hoardings
71:27 Bracer
71:44 Chain Mail Armor
71:45 Leather Archer Armor
71:49 Fortified Wall
71:35 Murder Holes
73:14 Squires
76:13 Elite Skirmisher
77:56 Bombard Tower
77:56 Arrowslits
84:00 Ring Archer Armor
85:50 Treadmill Crane
87:11 Light Cavalry
88:42 Coinage
88:25 Guilds
92:11 Hussar
100:10 Gambesons
ᅚᅚᅚᅚ
7:05 Loom
13:51 Feudal Age
15:27 Feudal Age
19:26 Castle Age
18:44 Double-Bit Axe
33:00 Scale Barding Armor
32:59 Fletching
34:25 Bloodlines
34:11 Town Watch
34:52 Husbandry
38:37 Wheelbarrow
39:04 Chain Barding Armor
41:23 Bodkin Arrow
46:28 Imperial Age
45:51 Forging
46:16 Hand Cart
48:23 Gold Mining
48:56 Bow Saw
48:27 Horse Collar
48:20 Light Cavalry
49:33 Town Patrol
50:12 Conscription
50:04 Kshatriyas
50:46 Plate Barding Armor
54:06 Iron Casting
53:00 Hussar
55:50 Bracer
57:28 Padded Archer Armor
58:45 Sappers
60:18 Heavy Plow
61:58 Hoardings
63:24 Caravan
64:46 Ballistics
65:30 Chemistry
64:50 Ballistics
63:54 Siege Elephant
68:20 Masonry
68:44 Heavy Camel Rider
77:49 Scale Mail Armor
79:24 Architecture
78:35 Treadmill Crane
78:54 Murder Holes
83:42 Frontier Guards
87:44 Leather Archer Armor
88:42 Thumb Ring
87:58 Elite Elephant Archer
93:14 Crop Rotation
Connection lost

Rejoining the realm…

Still unreachable

The connection could not be restored.

Session expired

The server has moved on; the page needs a fresh start.